TOP OF THE 1ST |
San Jose Missions batting - Pitching for Calgary Cowboys : RHP Michael Carr
|
Pitching: RHP Michael Carr
|
|
Batting: LHB Félix García
|
0-0: Fly out, F8 (Flyball, 8LS)
|
Batting: RHB Ed Starr
|
0-0: Foul Ball, location: 2F 0-1: Foul Ball, location: 2F 0-2: Ball 1-2: Ball 2-2: Ball 3-2: Fly out, F9 (Flyball, 9S)
|
Batting: RHB Dale Taylor
|
0-0: Foul Ball, location: 2F 0-1: Called Strike 0-2: Ball 1-2: Ball 2-2: Ball 3-2: Foul Ball, location: 2F 3-2: Strikes out swinging
|
Top of the 1st over - 0 run(s), 0 hit(s), 0 error(s), 0 left on base; San Jose 0 - Calgary 0 |
BOTTOM OF THE 1ST |
Calgary Cowboys batting - Pitching for San Jose Missions : LHP Octávio Pérez
|
Pitching: LHP Octávio Pérez
|
|
Batting: LHB Enrico Vargas
|
0-0: Ball 1-0: Swinging Strike 1-1: Fly out, F9 (Flyball, 89M)
|
Batting: LHB José Liñares
|
0-0: Ball 1-0: Ground out U3 (Groundball, 34)
|
Batting: LHB Greg Nelson
|
0-0: Ball 1-0: Called Strike 1-1: Ball 2-1: Called Strike 2-2: Foul Ball, location: 2F 2-2: Foul Ball, location: 2F 2-2: Fly out, F7 (Flyball, 78M)
|
Bottom of the 1st over - 0 run(s), 0 hit(s), 0 error(s), 0 left on base; San Jose 0 - Calgary 0 |
TOP OF THE 2ND |
San Jose Missions batting - Pitching for Calgary Cowboys : RHP Michael Carr
|
Batting: RHB Bob Orr
|
0-0: Ball 1-0: Called Strike 1-1: Fly out, F8 (Flyball, 8RS)
|
Batting: RHB Chang-geun Kim
|
0-0: Ball 1-0: Called Strike 1-1: Swinging Strike 1-2: Strikes out looking
|
Batting: RHB Sadao Kato
|
0-0: Called Strike 0-1: Foul Ball, location: 2F 0-2: DOUBLE (Flyball, 89D)
|
Batting: LHB Arturo Rivera
|
0-0: Called Strike 0-1: Foul Ball, location: 2F 0-2: Ball 1-2: Ground out 4-3 (Groundball, 4)
|
Top of the 2nd over - 0 run(s), 1 hit(s), 0 error(s), 1 left on base; San Jose 0 - Calgary 0 |
BOTTOM OF THE 2ND |
Calgary Cowboys batting - Pitching for San Jose Missions : LHP Octávio Pérez
|
Batting: RHB Todd Bryant
|
0-0: Ground out 1-3 (Groundball, P)
|
Batting: LHB Miguel Pérez
|
0-0: Ball 1-0: Called Strike 1-1: SINGLE (Line Drive, 9LS)
|
Batting: RHB Dan Wyatt
|
0-0: Ball 1-0: Ball 2-0: Called Strike 2-1: Ball 3-1: Called Strike 3-2: Foul Ball, location: 2F 3-2: Base on Balls Miguel Pérez to second
|
Batting: RHB Tom Rowe
|
0-0: Ball 1-0: Foul Ball, location: 2F 1-1: Swinging Strike 1-2: Fly out, F8 (Flyball, 8LD)
|
Batting: RHB Shayne Burry
|
0-0: Ball 1-0: Called Strike 1-1: Swinging Strike 1-2: Ball 2-2: Strikes out swinging
|
Bottom of the 2nd over - 0 run(s), 1 hit(s), 0 error(s), 2 left on base; San Jose 0 - Calgary 0 |
TOP OF THE 3RD |
San Jose Missions batting - Pitching for Calgary Cowboys : RHP Michael Carr
|
Batting: RHB Glenn Johnson
|
0-0: Ball 1-0: Ball 2-0: Called Strike 2-1: Foul Ball, location: 2F 2-2: Foul Ball, location: 2F 2-2: Fly out, F9 (Flyball, 89S)
|
Batting: LHB Wilson Vecino
|
0-0: Ball 1-0: Ball 2-0: Ball 3-0: Called Strike 3-1: Called Strike 3-2: Base on Balls
|
Batting: LHB Félix García
|
0-0: Called Strike 0-1: Ball 1-1: Ball 2-1: Swinging Strike 2-2: Strikes out swinging
|
Batting: RHB Ed Starr
|
Pickoff Throw to First - Out!
|
Top of the 3rd over - 0 run(s), 0 hit(s), 0 error(s), 0 left on base; San Jose 0 - Calgary 0 |
BOTTOM OF THE 3RD |
Calgary Cowboys batting - Pitching for San Jose Missions : LHP Octávio Pérez
|
Batting: RHB Mario Sánchez
|
0-0: Called Strike 0-1: Ball 1-1: Ball 2-1: Swinging Strike 2-2: Strikes out swinging
|
Batting: LHB Enrico Vargas
|
0-0: Swinging Strike 0-1: Ball 1-1: Called Strike 1-2: Ball 2-2: Ball 3-2: Foul Ball, location: 2F 3-2: Foul Ball, location: 2F 3-2: Base on Balls
|
Batting: LHB José Liñares
|
0-0: SINGLE (Groundball, 34D) Enrico Vargas to second Runner from 2nd tries for 3rd, SAFE, no throw
|
Batting: LHB Greg Nelson
|
0-0: SINGLE (Flyball, 89S) Enrico Vargas scores José Liñares to second
|
Batting: RHB Todd Bryant
|
0-0: Ball 1-0: DOUBLE (Line Drive, 78S) José Liñares scores Greg Nelson to third
|
Batting: LHB Miguel Pérez
|
0-0: Ball 1-0: Ball 2-0: 3-RUN HOME RUN (Flyball, 9D), Distance : 390 ft
|
Batting: RHB Dan Wyatt
|
0-0: Swinging Strike 0-1: Ball 1-1: Foul Ball, location: 2F 1-2: Ground out 5-3 (Groundball, 56)
|
Batting: RHB Tom Rowe
|
0-0: Ground out 6-3 (Groundball, 6)
|
Bottom of the 3rd over - 5 run(s), 4 hit(s), 0 error(s), 0 left on base; San Jose 0 - Calgary 5 |
TOP OF THE 4TH |
San Jose Missions batting - Pitching for Calgary Cowboys : RHP Michael Carr
|
Batting: RHB Ed Starr
|
0-0: Ball 1-0: Foul Ball, location: 2F 1-1: Ball 2-1: Swinging Strike 2-2: Foul Ball, location: 2F 2-2: Foul Ball, location: 2F 2-2: Ball 3-2: Base on Balls
|
Batting: RHB Dale Taylor
|
0-0: SINGLE (Groundball, 6D) Ed Starr to second
|
Batting: RHB Bob Orr
|
0-0: Called Strike 0-1: Ball 1-1: SINGLE (Groundball, 4MD) Ed Starr to third Dale Taylor to second
|
Batting: RHB Chang-geun Kim
|
0-0: Called Strike 0-1: Ball 1-1: Foul Ball, location: 2F 1-2: Ball 2-2: SINGLE (Groundball, 34D) Ed Starr scores Dale Taylor to third Bob Orr to second
|
Batting: RHB Sadao Kato
|
0-0: Foul Ball, location: 2F 0-1: Grounds into double play, 4-6-3 (Groundball, 4) Dale Taylor scores Bob Orr to third
|
Batting: LHB Arturo Rivera
|
0-0: Called Strike 0-1: Ball 1-1: Fly out, F9 (Flyball, 89S)
|
Top of the 4th over - 2 run(s), 3 hit(s), 0 error(s), 1 left on base; San Jose 2 - Calgary 5 |
BOTTOM OF THE 4TH |
Calgary Cowboys batting - Pitching for San Jose Missions : LHP Octávio Pérez
|
Batting: RHB Shayne Burry
|
0-0: Called Strike 0-1: Ball 1-1: Ball 2-1: Ball 3-1: Called Strike 3-2: Base on Balls
|
Batting: RHB Mario Sánchez
|
0-0: Called Strike 0-1: Ball 1-1: Called Strike 1-2: Ball 2-2: Strikes out swinging
|
Batting: LHB Enrico Vargas
|
0-0: Called Strike 0-1: Foul Ball, location: 2F 0-2: Ball 1-2: Ball 2-2: Strikes out looking
|
Batting: LHB José Liñares
|
0-0: Ball 1-0: Fly out, F9 (Flyball, 89M)
|
Bottom of the 4th over - 0 run(s), 0 hit(s), 0 error(s), 1 left on base; San Jose 2 - Calgary 5 |
TOP OF THE 5TH |
San Jose Missions batting - Pitching for Calgary Cowboys : RHP Michael Carr
|
Batting: RHB Glenn Johnson
|
0-0: Ground out 5-3 (Groundball, 56)
|
Batting: LHB Wilson Vecino
|
0-0: Ball 1-0: Ball 2-0: Called Strike 2-1: Fly out, F8 (Flyball, 8RM)
|
Batting: LHB Félix García
|
0-0: Called Strike 0-1: Ball 1-1: Called Strike 1-2: Ball 2-2: Strikes out swinging
|
Top of the 5th over - 0 run(s), 0 hit(s), 0 error(s), 0 left on base; San Jose 2 - Calgary 5 |
BOTTOM OF THE 5TH |
Calgary Cowboys batting - Pitching for San Jose Missions : LHP Octávio Pérez
|
Batting: LHB Greg Nelson
|
0-0: Foul Ball, location: 2F 0-1: Fly out, F7 (Flyball, 7LS)
|
Batting: RHB Todd Bryant
|
0-0: Ball 1-0: Fly out, F8 (Flyball, 8LM)
|
Batting: LHB Miguel Pérez
|
0-0: Swinging Strike 0-1: Ball 1-1: SINGLE (Groundball, 4M) (infield hit)
|
Batting: RHB Dan Wyatt
|
0-0: Ball 1-0: Ball 2-0: Ball 3-0: Base on Balls Miguel Pérez to second
|
Batting: RHB Tom Rowe
|
0-0: Ball 1-0: Called Strike 1-1: Ball 2-1: Ball 3-1: Base on Balls Miguel Pérez to third Dan Wyatt to second
|
Batting: RHB Shayne Burry
|
0-0: Ball 1-0: Ball Wild Pitch! Miguel Pérez scores Dan Wyatt to third Tom Rowe to second 2-0: Ball 3-0: Base on Balls
|
Batting: RHB Mario Sánchez
|
0-0: Ball 1-0: Swinging Strike 1-1: Fly out, F8 (Flyball, 8LD)
|
Bottom of the 5th over - 1 run(s), 1 hit(s), 0 error(s), 3 left on base; San Jose 2 - Calgary 6 |
TOP OF THE 6TH |
San Jose Missions batting - Pitching for Calgary Cowboys : RHP Michael Carr
|
Batting: RHB Ed Starr
|
0-0: Ball 1-0: Swinging Strike 1-1: Ball 2-1: Foul Ball, location: 2F 2-2: Strikes out looking
|
Batting: RHB Dale Taylor
|
0-0: Ground out 6-3 (Groundball, 6)
|
Batting: RHB Bob Orr
|
0-0: Called Strike 0-1: Ball 1-1: Ball 2-1: SINGLE (Groundball, 23) (infield hit)
|
Batting: RHB Chang-geun Kim
|
0-0: SINGLE (Line Drive, 89S) Bob Orr to second Runner from 2nd tries for 3rd, SAFE, throw made to third
|
Batting: RHB Sadao Kato
|
0-0: Ball 1-0: Ball 2-0: Foul Ball, location: 2F 2-1: 3-RUN HOME RUN (Flyball, 78XD), Distance : 423 ft
|
Batting: LHB Arturo Rivera
|
0-0: Ball 1-0: Foul Ball, location: 2F 1-1: Fly out, F4 (Popup, 34D)
|
Top of the 6th over - 3 run(s), 3 hit(s), 0 error(s), 0 left on base; San Jose 5 - Calgary 6 |
BOTTOM OF THE 6TH |
Calgary Cowboys batting - Pitching for San Jose Missions : LHP Octávio Pérez
|
Pitching: RHP Mark Bidwell
|
|
Batting: LHB Enrico Vargas
|
0-0: Ball 1-0: Foul Ball, location: 2F 1-1: Swinging Strike 1-2: Ball 2-2: SINGLE (Groundball, 34D)
|
Batting: LHB José Liñares
|
0-0: Ball 1-0: Ball 2-0: Foul Ball, location: 2F 2-1: Ball 3-1: Foul Ball, location: 2F 3-2: Foul Ball, location: 2F 3-2: Foul Ball, location: 2F 3-2: Fly out, F8 (Line Drive, 8RM)
|
Batting: LHB Greg Nelson
|
0-0: Ball 1-0: Swinging Strike 1-1: Ball Enrico Vargas is caught stealing 2nd base 2-1: Called Strike 2-2: Ball 3-2: Base on Balls
|
Batting: RHB Todd Bryant
|
0-0: Called Strike 0-1: Foul Ball, location: 2F 0-2: SINGLE (Groundball, 6MD) Greg Nelson to second
|
Batting: LHB Miguel Pérez
|
0-0: Called Strike 0-1: Ball 1-1: Foul Ball, location: 2F 1-2: Ball 2-2: Ball 3-2: Foul Ball, location: 2F 3-2: Strikes out looking
|
Bottom of the 6th over - 0 run(s), 2 hit(s), 0 error(s), 2 left on base; San Jose 5 - Calgary 6 |
TOP OF THE 7TH |
San Jose Missions batting - Pitching for Calgary Cowboys : RHP Michael Carr
|
Pitching: LHP Alfredo Durán
|
|
Batting: RHB Glenn Johnson
|
0-0: Ball 1-0: Ball 2-0: Ball 3-0: Called Strike 3-1: Base on Balls
|
Batting: LHB Wilson Vecino
|
0-0: Ground out 4-3 (Groundball, 34S) Glenn Johnson to second
|
Pinch Hitting: RHB Andrew Benson
|
0-0: Swinging Strike 0-1: Called Strike 0-2: Ball 1-2: Ground out 4-3 (Groundball, 4) Glenn Johnson to third
|
Batting: RHB Ed Starr
|
0-0: Ball 1-0: Foul Ball, location: 2F 1-1: Called Strike 1-2: Strikes out swinging
|
Top of the 7th over - 0 run(s), 0 hit(s), 0 error(s), 1 left on base; San Jose 5 - Calgary 6 |
BOTTOM OF THE 7TH |
Calgary Cowboys batting - Pitching for San Jose Missions : RHP Mark Bidwell
|
Now in RF: José Martínez
|
|
Batting: RHB Dan Wyatt
|
0-0: SINGLE (Groundball, 6MD)
|
Batting: RHB Tom Rowe
|
0-0: Bunted foul 0-1: Bunted foul 0-2: Foul Ball, location: 2F 0-2: Ball 1-2: Ground out 4-3 (Groundball, 34) Dan Wyatt to second
|
Batting: RHB Shayne Burry
|
0-0: Called Strike 0-1: Swinging Strike 0-2: SINGLE (Groundball, 6D) Dan Wyatt to third Runner from 3rd tries for Home, SAFE, throw made home
|
Batting: RHB Mario Sánchez
|
0-0: Ball 1-0: Called Strike 1-1: Ball 2-1: Ball 3-1: Foul Ball, location: 2F 3-2: Base on Balls Shayne Burry to second
|
Batting: LHB Enrico Vargas
|
0-0: Fielders Choice at 2nd, 3-6 (Groundball, 34) Shayne Burry to third
|
Batting: LHB José Liñares
|
0-0: Ball 1-0: DOUBLE (Line Drive, 9LM) Shayne Burry scores Enrico Vargas to third Runner from 3rd tries for Home, SAFE, no throw
|
Batting: LHB Greg Nelson
|
0-0: Fly out, F9 (Flyball, 89M)
|
Bottom of the 7th over - 3 run(s), 3 hit(s), 0 error(s), 1 left on base; San Jose 5 - Calgary 9 |
TOP OF THE 8TH |
San Jose Missions batting - Pitching for Calgary Cowboys : LHP Alfredo Durán
|
Batting: RHB Dale Taylor
|
0-0: Foul Ball, location: 2F 0-1: Swinging Strike 0-2: Ball 1-2: Foul Ball, location: 2F 1-2: Ball 2-2: Ground out 6-3 (Groundball, 56)
|
Batting: RHB Bob Orr
|
0-0: Ball 1-0: Called Strike 1-1: Ground out 1-3 (Groundball, P)
|
Batting: RHB Chang-geun Kim
|
0-0: Ball 1-0: Called Strike 1-1: Hit by Pitch
|
Batting: RHB Sadao Kato
|
0-0: Ball 1-0: Foul Ball, location: 2F 1-1: Foul Ball, location: 2F 1-2: Foul Ball, location: 2F 1-2: Ball 2-2: Ball 3-2: Ground out 6-3 (Groundball, 6M)
|
Top of the 8th over - 0 run(s), 0 hit(s), 0 error(s), 1 left on base; San Jose 5 - Calgary 9 |
BOTTOM OF THE 8TH |
Calgary Cowboys batting - Pitching for San Jose Missions : RHP Mark Bidwell
|
Batting: RHB Todd Bryant
|
0-0: Foul Ball, location: 2F 0-1: Foul Ball, location: 2F 0-2: SINGLE (Groundball, 6M) (infield hit)
|
Batting: LHB Miguel Pérez
|
0-0: Ball 1-0: Ball 2-0: Ball 3-0: Called Strike 3-1: SINGLE (Line Drive, 56D) Todd Bryant to second
|
Pitching: RHP Miguel García
|
|
Batting: RHB Dan Wyatt
|
0-0: Sac Bunt - play at first, batter OUT! 1-3 Todd Bryant to third Miguel Pérez to second
|
Batting: RHB Tom Rowe
|
0-0: Foul Ball, location: 2F 0-1: Foul Ball, location: 2F 0-2: Ball 1-2: Ground out 6-3 (Groundball, 56) Todd Bryant scores
|
Batting: RHB Shayne Burry
|
0-0: Ball 1-0: Ball 2-0: Ball 3-0: Called Strike 3-1: Foul Ball, location: 2F 3-2: DOUBLE (Line Drive, 78S) Miguel Pérez scores
|
Batting: RHB Mario Sánchez
|
0-0: Ball 1-0: Ground out 6-3 (Groundball, 6)
|
Bottom of the 8th over - 2 run(s), 3 hit(s), 0 error(s), 1 left on base; San Jose 5 - Calgary 11 |
TOP OF THE 9TH |
San Jose Missions batting - Pitching for Calgary Cowboys : LHP Alfredo Durán
|
Now at 3B: Ramón Martínez
|
|
Batting: LHB Arturo Rivera
|
0-0: Ball 1-0: Foul Ball, location: 2F 1-1: Foul Ball, location: 2F 1-2: Ball 2-2: SINGLE (Flyball, 8RS)
|
Batting: RHB Glenn Johnson
|
0-0: Ball 1-0: Grounds into double play, 5-4-3 (Groundball, 56)
|
Batting: LHB Wilson Vecino
|
0-0: Called Strike 0-1: Ball 1-1: Ground out 4-3 (Groundball, 4)
|
Top of the 9th over - 0 run(s), 1 hit(s), 0 error(s), 0 left on base; San Jose 5 - Calgary 11 |
|